SL
MISSISSIPPI MOCKINGBIRDS @ FT. WORTH CATTLEMEN
08/29/2042
 
TOP OF THE 1ST
Mississippi Mockingbirds batting - Pitching for Ft. Worth Cattlemen : LHP Gustavo Tobías
Pitching: LHP Gustavo Tobías
Batting: LHB Jesús Lazcano 0-0: Ball
1-0: Ball
2-0: Foul Ball, location: 2F
2-1: DOUBLE (Flyball, 78XD, EV 91.9 MPH)
Batting: RHB Yong-hong Ren 0-0: Ball
1-0: Ball
2-0: Foul Ball, location: 2F
2-1: Foul Ball, location: 2F
2-2: Foul Ball, location: 2F
2-2: SINGLE (Line Drive, 34D, EV 108.8 MPH)
Jesús Lazcano to third
Runner from 3rd tries for Home, SAFE, throw by RF to home
Batting: LHB Rylen Roersma 0-0: Grounds into double play, 4-6-3 (Groundball, 4, EV 99.4 MPH)
Batting: RHB Júlio Coronado 0-0: Called Strike
0-1: Swinging Strike
0-2: Fly out, F9 (Flyball, 89D, EV 93.8 MPH)
Top of the 1st over - 1 run, 2 hits, 0 errors, 0 left on base; Mississippi 1 - Ft. Worth 0
BOTTOM OF THE 1ST
Ft. Worth Cattlemen batting - Pitching for Mississippi Mockingbirds : RHP Cedomil Dudukovic
Pitching: RHP Cedomil Dudukovic
Batting: LHB Shawn Kyllo 0-0: Called Strike
0-1: Ball
1-1: Ball
2-1: Foul Ball, location: 2F
2-2: Ground out 5-3 (Groundball, 56, EV 92.5 MPH)
Batting: RHB Jurgen Flurgenburgen 0-0: Ball
1-0: Ball
2-0: Called Strike
2-1: Ball
3-1: Fly out, F7 (Flyball, 7LS, EV 92.5 MPH)
Batting: LHB Semo Hoaloha 0-0: Called Strike
0-1: Ground out 1-3 (Groundball, 34S, EV 81.2 MPH)
Bottom of the 1st over - 0 runs, 0 hits, 0 errors, 0 left on base; Mississippi 1 - Ft. Worth 0
TOP OF THE 2ND
Mississippi Mockingbirds batting - Pitching for Ft. Worth Cattlemen : LHP Gustavo Tobías
Batting: RHB Doug Allerdale 0-0: Called Strike
0-1: Called Strike
0-2: Fly out, F8 (Flyball, 8LM, EV 88.8 MPH)
Batting: RHB Jesús Capmany 0-0: Ball
1-0: Fly out, F8 (Flyball, 8RM, EV 83.1 MPH)
Batting: SHB Jorge Indiano 0-0: Ball
1-0: DOUBLE (Line Drive, 7LM, EV 103.1 MPH)
Batting: LHB Wu-shun Chu 0-0: Foul Ball, location: 2F
0-1: Ground out 4-3 (Groundball, 4, EV 91.9 MPH)
Top of the 2nd over - 0 runs, 1 hit, 0 errors, 1 left on base; Mississippi 1 - Ft. Worth 0
BOTTOM OF THE 2ND
Ft. Worth Cattlemen batting - Pitching for Mississippi Mockingbirds : RHP Cedomil Dudukovic
Batting: SHB Kolby Hay 0-0: Called Strike
0-1: Ball
1-1: Called Strike
1-2: Fly out, F7 (Flyball, 78D, EV 101.9 MPH)
Batting: RHB Tae-cho Han 0-0: Ball
1-0: Fly out, F9 (Flyball, 9LS, EV 81.9 MPH)
Batting: SHB Bren Spillane 0-0: Called Strike
0-1: Called Strike
0-2: Foul Ball, location: 2F
0-2: Foul Ball, location: 2F
0-2: Ball
1-2: Ball
2-2: Fly out, F9 (Flyball, 9S, EV 88.1 MPH)
Bottom of the 2nd over - 0 runs, 0 hits, 0 errors, 0 left on base; Mississippi 1 - Ft. Worth 0
TOP OF THE 3RD
Mississippi Mockingbirds batting - Pitching for Ft. Worth Cattlemen : LHP Gustavo Tobías
Batting: RHB Jorge Muńóz 0-0: Called Strike
0-1: Foul Ball, location: 2F
0-2: Ground out 6-3 (Groundball, 6, EV 83.8 MPH)
Batting: LHB Jesús Lazcano 0-0: Foul Ball, location: 2F
0-1: Foul Ball, location: 2F
0-2: Ball
1-2: Ball
2-2: Ground out 4-3 (Groundball, 4, EV 103.1 MPH)
Batting: RHB Yong-hong Ren 0-0: Called Strike
0-1: Ball
1-1: Ball
2-1: Ground out 6-3 (Groundball, 56, EV 87.5 MPH)
Top of the 3rd over - 0 runs, 0 hits, 0 errors, 0 left on base; Mississippi 1 - Ft. Worth 0
BOTTOM OF THE 3RD
Ft. Worth Cattlemen batting - Pitching for Mississippi Mockingbirds : RHP Cedomil Dudukovic
Batting: LHB Jorge Alejándrez 0-0: Ball
1-0: Ground out U3 (Groundball, 3, EV 107.5 MPH)
Batting: RHB Peter Holland 0-0: Foul Ball, location: 2F
0-1: Foul Ball, location: 2F
0-2: Ball
1-2: Foul Ball, location: 2F
1-2: Ball
2-2: Ball
3-2: Foul Ball, location: 2F
3-2: Ground out 4-3 (Groundball, 4, EV 103.8 MPH)
Batting: RHB Min-gook Ch'oe 0-0: Fly out, F9 (Flyball, 9S, EV 91.2 MPH)
Bottom of the 3rd over - 0 runs, 0 hits, 0 errors, 0 left on base; Mississippi 1 - Ft. Worth 0
TOP OF THE 4TH
Mississippi Mockingbirds batting - Pitching for Ft. Worth Cattlemen : LHP Gustavo Tobías
Batting: LHB Rylen Roersma 0-0: Ball
1-0: Called Strike
1-1: Foul Ball, location: 2F
1-2: Foul Ball, location: 2F
1-2: Foul Ball, location: 2F
1-2: Ball
2-2: Foul Ball, location: 2F
2-2: Ball
3-2: TRIPLE (Groundball, 3L, EV 109.4 MPH)
Batting: RHB Júlio Coronado 0-0: Swinging Strike
0-1: Ball
1-1: Called Strike
1-2: Strikes out swinging
Batting: RHB Doug Allerdale 0-0: Hit by Pitch
Batting: RHB Jesús Capmany 0-0: Ball
1-0: Ball
2-0: Called Strike
2-1: Fly out, F9 (Flyball, 9S, EV 73.8 MPH)
Batting: SHB Jorge Indiano 0-0: Fly out, F9 (Flyball, 89D, EV 103.1 MPH)
Top of the 4th over - 0 runs, 1 hit, 0 errors, 2 left on base; Mississippi 1 - Ft. Worth 0
BOTTOM OF THE 4TH
Ft. Worth Cattlemen batting - Pitching for Mississippi Mockingbirds : RHP Cedomil Dudukovic
Batting: LHB Shawn Kyllo 0-0: Called Strike
0-1: Swinging Strike
0-2: Strikes out looking
Batting: RHB Jurgen Flurgenburgen 0-0: Ball
1-0: Foul Ball, location: 2F
1-1: SINGLE (Flyball, 89S, EV 90.6 MPH)
Batting: LHB Semo Hoaloha 0-0: Ball
Jurgen Flurgenburgen steals 2nd, throwing error, E2
Jurgen Flurgenburgen to third
1-0: Foul Ball, location: 2F
1-1: Ball
2-1: Swinging Strike
2-2: Ball
3-2: Foul Ball, location: 2F
3-2: Strikes out looking
Batting: SHB Kolby Hay 0-0: Fly out, F8 (Line Drive, 8LM, EV 89.4 MPH)
Bottom of the 4th over - 0 runs, 1 hit, 1 error, 1 left on base; Mississippi 1 - Ft. Worth 0
TOP OF THE 5TH
Mississippi Mockingbirds batting - Pitching for Ft. Worth Cattlemen : LHP Gustavo Tobías
Batting: LHB Wu-shun Chu 0-0: Called Strike
0-1: Called Strike
0-2: Ball
1-2: Strikes out looking
Batting: RHB Jorge Muńóz 0-0: Ball
1-0: Ground out 5-3 (Groundball, 56, EV 101.9 MPH)
Batting: LHB Jesús Lazcano 0-0: Called Strike
0-1: Called Strike
0-2: Ground out U3 (Groundball, 3, EV 84.4 MPH)
Top of the 5th over - 0 runs, 0 hits, 0 errors, 0 left on base; Mississippi 1 - Ft. Worth 0
BOTTOM OF THE 5TH
Ft. Worth Cattlemen batting - Pitching for Mississippi Mockingbirds : RHP Cedomil Dudukovic
Batting: RHB Tae-cho Han 0-0: Ball
1-0: Ball
2-0: Ball
3-0: Base on Balls
Batting: SHB Bren Spillane 0-0: Called Strike
0-1: Called Strike
0-2: SINGLE (Flyball, 8LS, EV 90.0 MPH)
Tae-cho Han to second
Batting: LHB Jorge Alejándrez 0-0: Ball
1-0: Foul Ball, location: 2F
1-1: Foul Ball, location: 2F
1-2: Ball
2-2: Ball
3-2: SINGLE (Flyball, 89S, EV 87.5 MPH)
Tae-cho Han to third
Bren Spillane to second
Batting: RHB Peter Holland 0-0: Fly out, F7 (Flyball, 7D, EV 90.6 MPH)
Runner from 3rd tags up, SCORES, no throw by LF
Batting: RHB Min-gook Ch'oe 0-0: Ball
1-0: Grounds into double play, 1-4-3 (Groundball, P, EV 68.1 MPH)
Bottom of the 5th over - 1 run, 2 hits, 0 errors, 1 left on base; Mississippi 1 - Ft. Worth 1
TOP OF THE 6TH
Mississippi Mockingbirds batting - Pitching for Ft. Worth Cattlemen : LHP Gustavo Tobías
Batting: RHB Yong-hong Ren 0-0: Called Strike
0-1: SINGLE (Groundball, 34D, EV 98.8 MPH)
Batting: LHB Rylen Roersma 0-0: Called Strike
0-1: Called Strike
0-2: Ball
1-2: Strikes out looking
Batting: RHB Júlio Coronado 0-0: Called Strike
0-1: Ball
1-1: Swinging Strike
1-2: Strikes out swinging
Batting: RHB Doug Allerdale 0-0: Ball
1-0: Called Strike
1-1: Ball
2-1: Fly out, F7 (Flyball, 7D, EV 98.8 MPH)
Top of the 6th over - 0 runs, 1 hit, 0 errors, 1 left on base; Mississippi 1 - Ft. Worth 1
BOTTOM OF THE 6TH
Ft. Worth Cattlemen batting - Pitching for Mississippi Mockingbirds : RHP Cedomil Dudukovic
Batting: LHB Shawn Kyllo 0-0: Called Strike
0-1: Called Strike
0-2: Strikes out looking
Batting: RHB Jurgen Flurgenburgen 0-0: Called Strike
0-1: Ball
1-1: Foul Ball, location: 2F
1-2: SOLO HOME RUN (Flyball, 78XD, EV 106.2 MPH), Distance : 410 ft
Batting: LHB Semo Hoaloha 0-0: Foul Ball, location: 2F
0-1: Fly out, F8 (Flyball, 89D, EV 101.2 MPH)
Batting: SHB Kolby Hay 0-0: Swinging Strike
0-1: Ball
1-1: Called Strike
1-2: Strikes out swinging
Bottom of the 6th over - 1 run, 1 hit, 0 errors, 0 left on base; Mississippi 1 - Ft. Worth 2
TOP OF THE 7TH
Mississippi Mockingbirds batting - Pitching for Ft. Worth Cattlemen : LHP Gustavo Tobías
Batting: RHB Jesús Capmany 0-0: Ground out 4-3 (Groundball, 4, EV 108.8 MPH)
Batting: SHB Jorge Indiano 0-0: DOUBLE (Flyball, 8LXD, EV 96.9 MPH)
Pinch Hitting: RHB Quinn Albracht 0-0: Ground out U3 (Groundball, 34, EV 81.9 MPH)
Jorge Indiano to third
Batting: RHB Jorge Muńóz 0-0: Ground out 6-3 (Groundball, 6, EV 86.9 MPH)
Top of the 7th over - 0 runs, 1 hit, 0 errors, 1 left on base; Mississippi 1 - Ft. Worth 2
BOTTOM OF THE 7TH
Ft. Worth Cattlemen batting - Pitching for Mississippi Mockingbirds : RHP Cedomil Dudukovic
Now in LF: Warren King
Batting: RHB Tae-cho Han 0-0: Called Strike
0-1: Swinging Strike
0-2: Ball
1-2: Ball
2-2: Ball
3-2: Base on Balls
Batting: SHB Bren Spillane 0-0: Called Strike
0-1: Foul Ball, location: 2F
0-2: Ball
1-2: Foul Ball, location: 2F
1-2: Fly out, F7 (Flyball, 7LS, EV 77.5 MPH)
Pitching: RHP Jeff Mahl
Batting: LHB Jorge Alejándrez 0-0: Ball
1-0: Foul Ball, location: 2F
1-1: SINGLE (Groundball, 34, EV 97.5 MPH) (infield hit)
Tae-cho Han to second
Batting: RHB Peter Holland 0-0: Ball
1-0: Foul Ball, location: 2F
1-1: Foul Ball, location: 2F
1-2: Ball
2-2: Strikes out swinging
Batting: RHB Min-gook Ch'oe 0-0: Called Strike
0-1: Called Strike
0-2: Ball
1-2: Strikes out swinging
Bottom of the 7th over - 0 runs, 1 hit, 0 errors, 2 left on base; Mississippi 1 - Ft. Worth 2
TOP OF THE 8TH
Mississippi Mockingbirds batting - Pitching for Ft. Worth Cattlemen : LHP Gustavo Tobías
Batting: LHB Jesús Lazcano 0-0: Foul Ball, location: 2F
0-1: Ball
1-1: Called Strike
1-2: Ball
2-2: Ball
3-2: Fly out, F9 (Line Drive, 9, EV 97.5 MPH)
Batting: RHB Yong-hong Ren 0-0: Ball
1-0: Ball
2-0: SINGLE (Groundball, 4MD, EV 95.6 MPH)
Batting: LHB Rylen Roersma 0-0: Ball
1-0: Fielders Choice at 2nd, 6-4 (Groundball, 6, EV 99.4 MPH)
Batting: RHB Júlio Coronado 0-0: Ground out 4-3 (Groundball, 4S, EV 73.8 MPH)
Top of the 8th over - 0 runs, 1 hit, 0 errors, 1 left on base; Mississippi 1 - Ft. Worth 2
BOTTOM OF THE 8TH
Ft. Worth Cattlemen batting - Pitching for Mississippi Mockingbirds : RHP Jeff Mahl
Batting: LHB Shawn Kyllo 0-0: Called Strike
0-1: Foul Ball, location: 2F
0-2: Ball
1-2: Ball
2-2: Ball
3-2: Base on Balls
Batting: RHB Jurgen Flurgenburgen 0-0: Ball
1-0: Ball
2-0: Sac Bunt to 2L - play at first, batter OUT! 2-4
Shawn Kyllo to second
Batting: LHB Semo Hoaloha 0-0: Called Strike
0-1: Swinging Strike
0-2: 2-RUN HOME RUN (Flyball, 89XD, EV 96.9 MPH), Distance : 423 ft
Batting: SHB Kolby Hay 0-0: Called Strike
0-1: Foul Ball, location: 2F
0-2: Ground out U3 (Groundball, 3, EV 90.0 MPH)
Batting: RHB Tae-cho Han 0-0: Foul Ball, location: 2F
0-1: Foul Ball, location: 2F
0-2: Ground out 5-3 (Groundball, 56, EV 106.9 MPH)
Bottom of the 8th over - 2 runs, 1 hit, 0 errors, 0 left on base; Mississippi 1 - Ft. Worth 4
TOP OF THE 9TH
Mississippi Mockingbirds batting - Pitching for Ft. Worth Cattlemen : LHP Gustavo Tobías
Pitching: RHP Blair Wright
Batting: RHB Doug Allerdale 0-0: Reached on error, E3 (Groundball, 3, EV 83.8 MPH)
Batting: RHB Jesús Capmany 0-0: Ball
1-0: Ball
2-0: Ball
3-0: Called Strike
3-1: Base on Balls
Doug Allerdale to second
Batting: SHB Jorge Indiano 0-0: Reached via error on a dropped throw from SS, E4 (Groundball, 6, EV 91.9 MPH)
Doug Allerdale to third
Jesús Capmany to second
Batting: LHB Warren King 0-0: Called Strike
0-1: Ball
1-1: Fly out, F7 (Line Drive, 7, EV 87.5 MPH)
Pinch Hitting: LHB Seb Blanch 0-0: Ball
1-0: SINGLE (Groundball, 56D, EV 99.4 MPH)
Doug Allerdale scores
Jesús Capmany to third
Jorge Indiano to second
Batting: LHB Jesús Lazcano 0-0: Ball
1-0: Fly out, F7 (Flyball, 7, EV 89.4 MPH)
Batting: RHB Yong-hong Ren 0-0: Called Strike
0-1: Foul Ball, location: 2F
0-2: Ball
1-2: Foul Ball, location: 2F
1-2: Foul Ball, location: 2F
1-2: Fly out, F8 (Flyball, 8RXD, EV 83.1 MPH)
Top of the 9th over - 1 run, 1 hit, 2 errors, 3 left on base; Mississippi 2 - Ft. Worth 4
Friday, March 26th, 2021 - OOTP Baseball 20.8 Build 74